 Dungeon Crawl Stone Soup version 0.31-a0-193-gdfe2569204 (webtiles) character file.

Game seed: 10380791885540944826

45 qw the Shooter (level 3, 0/20 HPs)
             Began as a Deep Elf Hunter on June 24, 2023.
             Succumbed to their own poison gas
             ... on level 2 of the Dungeon.
             The game lasted 00:00:24 (1090 turns).

qw the Shooter (Deep Elf Hunter)                    Turns: 1090, Time: 00:00:24

Health: 0/20       AC:  7    Str: 10    XL:     3   Next: 42%
Magic:  5/5        EV: 11    Int: 13    God:
Gold:   88         SH:  0    Dex: 18    Spells: 2/2 levels left

rFire   + . .        Y - +0 shortbow
rCold   . . .        (shield currently unavailable)
rNeg    . . .        e - +0 ring mail
rPois   .            h - +1 helmet
rElec   .            (no cloak)
rCorr   .            (no gloves)
SInv    .            (no boots)
Will    .....        (no amulet)
Stlth   +            d - ring of protection from fire
HPRegen 0.23/turn    (no ring)
MPRegen 0.09/turn

%: no passive effects
@: lethally poisoned (0 -> -1), weak-willed
A: no striking features
a: no special abilities


You were on level 2 of the Dungeon.
You visited 1 branch of the dungeon, and saw 2 of its levels.

You collected 114 gold pieces.
You spent 26 gold pieces at shops.


   Skills:
 - Level 1.5 Fighting
 + Level 7.0 Ranged Weapons
 - Level 2.4 Dodging
 - Level 1.2 Stealth


You had 2 spell levels left.
You didn't know any spells.
Your spell library was empty.

Inventory:

Hand Weapons
 a - the +2 shortbow of Infinity {elec, Fragile rC+++ Str+4 Dex-4}
   (You acquired it on level 2 of the Dungeon)

   Str:       It affects your strength (+4).
   Dex:       It affects your dexterity (-4).
   rC:        It renders you almost immune to cold.
   Fragile:   It will be destroyed if unequipped.
 Y - a +0 shortbow (weapon)
Armour
 e - a +0 ring mail (worn)
 h - a +1 helmet (worn)
Jewellery
 d - a ring of protection from fire (left hand)
Scrolls
 j - a scroll of identify

Dungeon Overview and Level Annotations

Branches:
Dungeon (2/15)

Altars:
Gozag

Shops:
D:1 :*


Message History

Done exploring.
1080 ||| READING scroll labelled YJIMIFOAFO.
As you read the scroll labelled YJIMIFOAFO, it crumbles to dust.
Magic quickly surges around you.
It was a scroll of vulnerability.
Done exploring.
1081 ||| READING scroll labelled ZIESIL DOAXT.
The air fills with toxic fumes!
As you read the scroll labelled ZIESIL DOAXT, it crumbles to dust.
It was a scroll of poison.
Done exploring.
(D) Dungeon
Where to? (* - list waypoints, Enter - D:2, ? - help)
What level of the Dungeon? (default 1, ? - help) Sorry, I don't know how to get there.
Enter note:
Enter note:
Enter note:
Enter note:
Enter note:
Enter note: Really walk into that cloud of poison gas?
You are engulfed in poison gas.
You are poisoned.
You feel very sick.
1083 ||| Stepping ~*~*~tactically~*~*~ (cloud).
You feel very sick.
You see here a ring of magical power.
There is a lethal amount of poison in your body!
You feel very sick.
There is a lethal amount of poison in your body!
You feel sick.
There is a lethal amount of poison in your body!
You feel sick.
There is a lethal amount of poison in your body!
You feel sick.
There is a lethal amount of poison in your body!
You feel sick.
There is a lethal amount of poison in your body!
You feel sick.
There is a lethal amount of poison in your body!
You die...

###########
#.....#.... #####
#.###.#.#..
#¤00#####..........
#00¤0¤.............
#¤@¤#####..........
##¤## ###.#......
#0# #...._... #¤#
#.)...... #¤#
#.#...... #0#
#.##..#.. #0#
#.#......
#0########.#..####
#.##..............


There were no monsters in sight!

Vanquished Creatures
  An adder (D:2)
  2 dart slugs (D:1)
  4 endoplasms
  A giant cockroach (D:1)
  5 goblins
  3 hobgoblins
  A quokka (D:2)
  A ball python (D:2)
  2 bats
  2 frilled lizards
  5 kobolds
  3 rats
30 creatures vanquished.

Notes
Turn   | Place    | Note
-------+----------+-------------------------------------------
     0 | D:1      | qw the Deep Elf Hunter began the quest for the Orb.
     0 | D:1      | Reached XP level 1. HP: 12/12 MP: 3/3
     0 | D:1      | 0 ||| qw: Version: 0.3-a-9-g12657ce
     0 | D:1      | 0 ||| qw: Game counter: 4651
     0 | D:1      | 0 ||| qw: Always use a shield: true
     0 | D:1      | 0 ||| qw: God list: Okawaru
     0 | D:1      | 0 ||| qw: Allow faded altars: false
     0 | D:1      | 0 ||| qw: Do Orc after D:15 true
     0 | D:1      | 0 ||| qw: Do second Lair branch before Depths: true
     0 | D:1      | 0 ||| qw: Lair rune preference: random
     0 | D:1      | 0 ||| qw: Plans: Normal
     0 | D:1      | 0 ||| PLANNING D:1-11
    77 | D:1      | Reached skill level 6 in Ranged Weapons
    77 | D:1      | Reached XP level 2. HP: 16/16 MP: 4/4
   196 | D:1      | Found Zuweusmif's Book Shoppe.
   311 | D:1      | Found a faded altar of an unknown god.
   311 | D:1      | Noticed a chaos spawn
   377 | D:1      | Found Fiucs's General Store.
   386 | D:1      | 386 ||| SHOPLISTING +0 pair of boots (58 gold, have 50).
   386 | D:1      | 386 ||| SHOPLISTING ring of resist corrosion (260 gold,
                  | have 50).
   386 | D:1      | 386 ||| BUYING scroll of identify (26 gold).
   386 | D:1      | Bought a scroll of identify for 26 gold pieces
   386 | D:1      | 386 ||| SHOPLISTING scroll of identify (26 gold, have 24).
   451 | D:1      | 451 ||| UPGRADING to +0 scale mail.
   461 | D:1      | 461 ||| DROPPING +0 leather armour.
   462 | D:1      | 462 ||| UPGRADING to +0 ring mail.
   472 | D:1      | 472 ||| DROPPING +0 scale mail.
   473 | D:1      | 473 ||| UPGRADING to +0 helmet.
   478 | D:1      | 478 ||| READING 2 scrolls labelled DOUKIU HIBU.
   479 | D:1      | 479 ||| READING scroll of enchant armour.
   479 | D:1      | 479 ||| ENCHANTING +0 helmet.
   480 | D:1      | 480 ||| READING scroll labelled NANTAH JIRHOA.
   481 | D:1      | 481 ||| READING scroll labelled EBRESIC ASOA.
   482 | D:1      | 482 ||| DROPPING scroll of butterflies.
   624 | D:2      | Reached XP level 3. HP: 20/20 MP: 5/5
   949 | D:2      | Reached skill level 7 in Ranged Weapons
   961 | D:2      | Found an opulent altar of Gozag.
  1076 | D:2      | 1076 ||| UPGRADING to ring of protection from fire.
  1077 | D:2      | 1077 ||| DROPPING ring of magical power.
  1078 | D:2      | 1078 ||| READING scroll labelled NITOCS KAUNA.
  1078 | D:2      | Identified a scroll of acquirement
  1078 | D:2      | 1078 ||| ACQUIRING +2 shortbow of Infinity {elec, Fragile
                  | rC+++ Str+4 Dex-4}
  1078 | D:2      | Acquired the +2 shortbow of Infinity {elec, Fragile rC+++
                  | Str+4 Dex-4}
  1080 | D:2      | 1080 ||| READING scroll labelled YJIMIFOAFO.
  1081 | D:2      | 1081 ||| READING scroll labelled ZIESIL DOAXT.
  1083 | D:2      | 1083 ||| Stepping ~*~*~tactically~*~*~ (cloud).
  1085 | D:2      | HP: 5/20 [poisoned by you (poison gas)]
  1088 | D:2      | HP: 2/20 [poisoned by you (poison gas)]
  1090 | D:2      | Succumbed to their own poison gas

Levels and vault maps discovered:
D:1:      roderic_chinese_lattice_arrival, layout_rooms,
          dreamdust_ecumenical_altar_sealed_demon, serial_shops, shop,
          nicolae_shop_rolling_square
D:2:      layout_loops_ring, basic_altar, minmay_misc_feat_rugged

Skill      XL: |  1  2  3 |
---------------+----------+-----
Ranged Weapons | 6 7 |  7.0
Fighting       | |  1.5
Dodging        | |  2.4
Stealth        | |  1.2

Action                     || total
---------------------------++-------
   Fire: Shortbow          ||    64
    Use: Scroll            ||     7
 Armour: Leather armour    ||     2
         Ring mail         ||     5
  Dodge: Dodged            ||    14

Table legend:
 A = Non-vault XP
 B = Vault XP
 C = Vault XP percentage of total XP
 D = Non-vault monster count
 E = Vault monster count
 F = Vault count percentage of total count
                 A         B        C        D         E       F
            +---------+---------+-------+---------+---------+-------
      Total |      65 |       0 |   0.0 |      30 |       0 |   0.0
            +---------+---------+-------+---------+---------+-------
        D:1 |      32 |       0 |   0.0 |      17 |       0 |   0.0
        D:2 |      33 |       0 |   0.0 |      13 |       0 |   0.0
            +---------+---------+-------+---------+---------+-------
